 Dungeon Crawl Stone Soup version 0.29-a0-419-g77450f2105 (webtiles) character file.

Game seed: 14079724655138741461

27627 Bruhh the Fighter (level 13, -5/99 (108) HPs)
             Began as a Barachi Ice Elementalist on May 18, 2022.
             Was an Elder of Fedhas.
             Killed from afar by Josephine (25 damage)
             ... with a ghostly fireball
             ... on level 4 of the Lair of Beasts.
             The game lasted 00:32:24 (13179 turns).

Bruhh the Fighter (Barachi Ice Elementalist)       Turns: 13179, Time: 00:32:28

HP:   -5/99 (108)   AC: 17    Str: 10    XL:     13   Next: 33%
MP:   21/27         EV: 13    Int: 21    God:    Fedhas [****..]
Gold: 754           SH: 12    Dex: 12    Spells: 21/32 levels left

rFire   . . .      SeeInvis .   d - +1 mace (protect)
rCold   . . .      Faith    .   m - +0 kite shield
rNeg    . . .      Spirit   .   S - +3 troll leather armour {Snorg}
rPois   .          Reflect  .   O - +1 helmet
rElec   +          Harm     .   (no cloak)
rCorr   +          Rampage  .   (no gloves)
Will    .....                   (no boots)
Stlth   ++........              p - amulet of regeneration
HPRegen 1.86/turn               t - +4 ring of slaying
MPRegen 0.20/turn               a - ring "Imiope" {Wiz Fly rElec rCorr}

@: lethally poisoned (-5 -> -35), under a protective aura, freezing walls,
flying, slowed, drained, very slow
A: amphibious, slowness 1, strong legs 2, +LOS
a: Hop, Renounce Religion, Wall of Briars, Grow Ballistomycete, Overgrow


You were on level 4 of the Lair of Beasts.
You worshipped Fedhas.
Fedhas was greatly pleased with you.
You visited 3 branches of the dungeon, and saw 14 of its levels.

You collected 754 gold pieces.

Inventory:

Hand Weapons
 d - a +1 mace of protection (weapon)
 q - a +0 falchion
 C - a +1 short sword of holy wrath
 K - a +2 short sword of electrocution
Missiles
 L - a throwing net
Armour
 m - a +0 kite shield (worn)
 H - +0 steam dragon scales
 J - the +4 ring mail of Hang {rElec rPois}
   (You found it on level 7 of the Dungeon)

   rElec:     It insulates you from electricity.
   rPois:     It protects you from poison.
 M - a +0 troll leather armour
 O - a +1 helmet (worn)
 S - a +3 troll leather armour (worn) {Snorg}
Jewellery
 a - the ring "Imiope" (right hand) {Wiz Fly rElec rCorr}
   (You acquired it on level 1 of the Lair of Beasts)

   [ring of wizardry]

   It improves your spell success rate.
   rElec:     It insulates you from electricity.
   Fly:       It grants you flight.
   rCorr:     It protects you from acid and corrosion.
 p - an amulet of regeneration (around neck)
 t - a +4 ring of slaying (left hand)
 F - a ring of positive energy
 Q - a ring of magical power
Wands
 b - a wand of digging (6)
 B - a wand of flame (47)
Scrolls
 e - a scroll of fear
 f - 3 scrolls of immolation
 g - 2 scrolls of magic mapping
 i - 4 scrolls of amnesia
 n - 2 scrolls of teleportation
 r - a scroll of vulnerability
 s - 3 scrolls of blinking
 u - 2 scrolls of enchant weapon
 x - 2 scrolls of summoning {unknown}
 y - 3 scrolls of fog {unknown}
 I - 3 scrolls of poison {unknown}
 N - 2 scrolls of noise {unknown}
 P - a scroll of identify
Potions
 c - a potion of ambrosia {unknown}
 h - a potion of resistance {unknown}
 j - 2 potions of cancellation {unknown}
 k - 6 potions of heal wounds
 l - 3 potions of magic
 o - 7 potions of curing {unknown}
 v - a potion of invisibility {unknown}
 w - a potion of flight {unknown}
 z - 2 potions of degeneration {unknown}
 A - 3 potions of berserk rage {unknown}
 D - a potion of attraction {unknown}
 E - a potion of brilliance {unknown}
 G - 2 potions of haste
 R - a potion of lignification {unknown}
Miscellaneous
 T - a lightning rod (4/4)


   Skills:
 - Level 12.0 Fighting
 + Level 5.6 Armour
 - Level 7.4 Dodging
 - Level 1.7 Stealth
 - Level 12.0 Shields
 - Level 10.0 Spellcasting
 - Level 6.0 Ice Magic
 - Level 6.0 Poison Magic
 + Level 9.2 Invocations
 - Level 7.0 Evocations


You had 21 spell levels left.
You knew the following spells:

 Your Spells              Type           Power      Damage    Failure   Level
a - Freeze                Ice            100%       1d11      1%          1
b - Frozen Ramparts       Ice            70%        1d9       1%          3
c - Ozocubu's Armour      Ice            35%        N/A       1%          3
d - Olgreb's Toxic Radia  Pois           35%        N/A       6%          4

Your spell library contained the following spells:

 Spells                   Type           Power      Damage    Failure   Level
 Shock                    Conj/Air       40%        1d5       7%          1
 Slow                     Hex            40%        N/A       7%          1
 Mephitic Cloud           Conj/Pois/Air  18%        N/A       9%          3
 Sublimation of Blood     Necr           10%        N/A       11%         2
 Confusing Touch          Hex            10%        N/A       21%         3
 Dazzling Flash           Conj/Hex       20%        N/A       21%         3
 Swiftness                Air            10%        N/A       21%         3
 Vampiric Draining        Necr           10%        2d6       21%         3
 Hailstorm                Conj/Ice       23%        3d7       21%         4
 Airstrike                Air            5%         N/A       52%         4
 Agony                    Necr           10%        N/A       86%         5
 Silence                  Hex/Air        5%         N/A       86%         5


Dungeon Overview and Level Annotations

Branches:
Dungeon (9/15)             Temple (1/1) D:4            Lair (4/6) D:8
  Swamp (0/4) Lair:3       Spider (0/4) Lair:2
    Orc: D:9-12

Altars:
Ashenzari
Cheibriados
Dithmenos
Elyvilon
Fedhas
Gozag
Hepliaklqana
Kikubaaqudgha
Makhleb
Nemelex Xobeh
Okawaru
Qazlal
Ru
Sif Muna
Trog
Uskayaw
Vehumet
Wu Jian
Xom
Yredelemnul
Zin
The Shining One

Shops:
D:6 ?   D:9 [

Annotations:
D:9 Erolcha
Lair:4 1 transporter, Jagheyni's ghost, journeyman DjCA; Josephine


Innate Abilities, Weirdness & Mutations

You are amphibious.
You cover ground slowly.
You can hop long distances.
You have an extended range of vision and can be seen from far away.


Message History

You are more poisoned.
The wraith completely resists.
The wall freezes the wraith but does no damage.
The wraith resists.
The wall freezes the wraith.
You hit Josephine but do no damage.
Your weapon exudes an aura of protection.
Josephine is moderately wounded.
Your toxic aura wanes.
You feel extremely sick.
The wall freezes Josephine.
Josephine hits you but does no damage.
You are more poisoned.
The wall freezes Josephine.
You block Josephine's attack.
The wraith resists.
The wall freezes the wraith.
The wraith resists.
The wall freezes the wraith.
The wall freezes Josephine.
Josephine grins malevolently.
Josephine hits you with a +2 dagger of venom.
You are more poisoned.
The wraith resists.
The wall freezes the wraith.
The wraith resists.
The wall freezes the wraith.
You hit Josephine.
Josephine is heavily wounded.
You feel extremely sick.
The wall freezes Josephine.
Josephine hits you with a +2 dagger of venom!
You are more poisoned.
The wall freezes Josephine.
Josephine gestures at you while chanting.
The ghostly flame explodes!
The ghostly fireball engulfs you!
You feel drained.
* * * LOW HITPOINT WARNING * * *
The ghostly fireball engulfs Josephine.
Josephine completely resists.
The wraith resists.
The wall freezes the wraith.
The wraith resists.
The wall freezes the wraith.
The wall freezes Josephine.
Josephine hits you but does no damage.
The wraith resists.
The wall freezes the wraith.
The wraith resists.
The wall freezes the wraith.
The wall freezes Josephine but does no damage.
Josephine points at you and mumbles some strange words.
The ghostly flame explodes!
The ghostly fireball engulfs you!!
You feel drained.
You die...
Fedhas appreciates your contribution to the ecosystem.

##......#..###.†##
##..#.........#...#
#...#............##
#.......##...##
###.......#.P.#
##......####..#†.P.#
##.......# ##.#....#
...#P.P....##
.........
#.......@.##
##........
##.#..##@##
##.P##... #...


#WW ### ##. #... #..P P ##. ..... #. .....# # ....### ...## .### You could see
Josephine (fast, very poisoned) and 2 wraiths.

Vanquished Creatures
  Snorg (Lair:3)
  2 hydras
  5 death yaks
  Nergalle (Lair:3)
  Pikel (D:7)
  15 elephants
  2 black mambas
  7 cane toads
  Maggie (D:7)
  5 komodo dragons
  2 rime drakes (Lair:3)
  2 trolls (D:8)
  3 tyrant leeches (Lair:3)
  3 blink frogs (Lair:2)
  A wraith (Lair:4)
  19 yaks
  3 wyverns
  A steam dragon (D:7)
  3 basilisks
  A swamp worm (Lair:3)
  Duvessa (D:6)
  10 water moccasins
  An orc warrior (D:3)
  An ice beast (D:6)
  A phantom (D:5)
  2 centaurs (D:8)
  A kobold brigand (D:7)
  12 bullfrogs
  A gnoll sergeant (D:8)
  A necrophage (D:5)
  4 scorpions
  Dowan (D:6)
  4 killer bees (D:5)
  2 howler monkeys (D:8)
  2 hounds (D:5)
  2 jellies
  3 orc priests
  2 iguanas
  A gnoll shaman (D:8)
  Natasha (twice) (D:2)
  2 orc wizards (D:5)
  6 hell rats (Lair:2)
  Robin (D:2)
  15 gnolls
  9 adders
  14 river rats (Lair:2)
  2 shadow imps (D:7)
  2 ufetubi
  3 dart slugs
  19 orcs
  7 endoplasms
  4 giant cockroaches
  22 goblins
  4 hobgoblins
  7 quokkas
  9 ball pythons
  6 bats
  11 frilled lizards
  6 kobolds
  14 rats
  A spectral orc (D:6)
296 creatures vanquished.

Vanquished Creatures (others)
  42 fungi
  91 plants
133 creatures vanquished.

Grand Total: 429 creatures vanquished

Notes
Turn   | Place    | Note
-------+----------+-------------------------------------------
     0 | D:1      | Bruhh the Barachi Ice Elementalist began the quest for the
                  | Orb.
     0 | D:1      | Reached XP level 1. HP: 13/13 MP: 3/3
   111 | D:1      | Reached skill level 5 in Ice Magic
   205 | D:1      | Found a faded altar of an unknown god.
   208 | D:1      | Noticed a shining eye
   208 | D:1      | Noticed a golden eye
   208 | D:1      | Noticed a shining eye
   209 | D:1      | Noticed a great orb of eyes
   213 | D:1      | Reached XP level 2. HP: 16/19 MP: 1/5
   769 | D:1      | Reached XP level 3. HP: 22/24 MP: 2/7
   902 | D:1      | Learned a level 3 spell: Frozen Ramparts
  1352 | D:2      | Found a bloodstained altar of Trog.
  1545 | D:2      | Reached XP level 4. HP: 30/30 MP: 5/8
  1576 | D:2      | Got Esecau Sycirch's Grimoire of Evil and Poison
  1675 | D:2      | Noticed Robin
  1678 | D:2      | Killed Robin
  1950 | D:2      | Learned a level 3 spell: Ozocubu's Armour
  2152 | D:2      | Noticed Natasha
  2159 | D:2      | Killed Natasha
  2160 | D:2      | Reached XP level 5. HP: 28/35 MP: 2/11
  2410 | D:2      | Noticed Natasha
  2415 | D:2      | Killed Natasha
  2904 | D:3      | Reached skill level 10 in Fighting
  2904 | D:3      | Reached XP level 6. HP: 13/60 MP: 4/18
  2907 | D:3      | Reached XP level 7. HP: 18/66 MP: 4/20
  3254 | D:3      | Reached skill level 10 in Spellcasting
  3616 | D:4      | You fall into a shaft and drop 1 floor!
  3616 | D:5      | Entered Level 5 of the Dungeon
  3652 | D:5      | Reached XP level 8. HP: 72/72 MP: 19/22
  4376 | D:4      | Found a staircase to the Ecumenical Temple.
  5222 | D:6      | Noticed Duvessa
  5222 | D:6      | Noticed Dowan
  5228 | D:6      | Killed Dowan
  5229 | D:6      | Reached XP level 9. HP: 74/78 MP: 15/23
  5229 | D:6      | Killed Duvessa
  5423 | D:6      | Found Pieman's Magic Scroll Emporium.
  5788 | D:6      | Found a basalt altar of Yredelemnul.
  6133 | Temple   | Entered the Ecumenical Temple
  6408 | Temple   | Became a worshipper of Fedhas Madash
  6409 | Temple   | Reached XP level 10. HP: 89/89 MP: 24/24
  6644 | D:7      | Noticed Maggie
  6664 | D:7      | Killed Maggie
  7127 | D:7      | Noticed Pikel
  7133 | D:7      | Killed Pikel
  7199 | D:7      | Identified the +4 ring mail of Hang {rElec rPois}
  7476 | D:8      | Reached skill level 1 in Shields
  7678 | D:8      | Reached * piety under Fedhas
  7896 | D:8      | Found a staircase to the Lair.
  8310 | D:9      | Found Axaos's Antique Armour Emporium.
  8325 | D:9      | Reached XP level 11. HP: 82/95 MP: 21/25
  8360 | D:9      | Found a white marble altar of Elyvilon.
  8366 | D:9      | Found an opulent altar of Gozag.
  8371 | D:9      | Found a shimmering altar of Xom.
  8393 | D:9      | Noticed Erolcha
  8429 | Lair:1   | Entered Level 1 of the Lair of Beasts
  8475 | Lair:1   | Reached skill level 5 in Shields
  8623 | Lair:1   | Reached ** piety under Fedhas
  8653 | Lair:1   | Identified a scroll of acquirement
  8656 | Lair:1   | Acquired the ring "Imiope" {Wiz Fly rElec rCorr}
  9203 | Lair:1   | Learned a level 4 spell: Olgreb's Toxic Radiance
  9309 | Lair:2   | Found a hole to the Spider Nest.
  9330 | Lair:1   | Reached skill level 1 in Poison Magic
  9876 | Lair:2   | Noticed a death yak
  9879 | Lair:2   | Noticed a death yak
  9909 | Lair:1   | Killed a death yak
 10290 | Lair:2   | Reached XP level 12. HP: 97/102 MP: 17/26
 10372 | Lair:2   | Reached skill level 5 in Poison Magic
 10409 | Lair:2   | Noticed a death yak
 10423 | Lair:2   | Noticed a death yak
 10436 | Lair:2   | Noticed a death yak
 10443 | Lair:2   | Killed a death yak
 10448 | Lair:2   | Killed a death yak
 10450 | Lair:2   | Killed a death yak
 10460 | Lair:2   | Killed a death yak
 10492 | Lair:2   | Reached *** piety under Fedhas
 10577 | Lair:2   | Noticed a four-headed hydra
 10590 | Lair:2   | Killed a four-headed hydra
 10591 | Lair:2   | Reached skill level 10 in Shields
 10923 | Lair:2   | Reached **** piety under Fedhas
 11652 | Lair:3   | Reached skill level 1 in Armour
 11769 | Lair:3   | Gained mutation: You can hop long distances. [Barachi
                  | growth]
 11769 | Lair:3   | Reached XP level 13. HP: 74/108 MP: 14/27
 12126 | Lair:3   | Noticed Nergalle
 12136 | Lair:3   | Killed Nergalle
 12290 | Lair:3   | Noticed Snorg
 12349 | Lair:3   | Killed Snorg
 12425 | Lair:3   | Found a staircase to the Swamp.
 12551 | Lair:3   | Reached skill level 5 in Armour
 12954 | Lair:4   | Found a transporter.
 13047 | Lair:4   | Noticed Jagheyni's ghost (journeyman DjCA)
 13172 | Lair:4   | Noticed Josephine
 13179 | Lair:4   | Killed from afar by Josephine

Illustrated notes

Levels and vault maps discovered:
D:1:      minmay_arrival_up_and_down, layout_rooms,
          hellmonk_ecumenical_altar_watching_god,
          hangedman_abyss_or_decor_lesser_grid, minmay_cut_off
D:2:      layout_loops_ring, basic_altar, uniq_natasha, uniq_robin
D:3:      layout_loops_ring
D:4:      layout_loops_ring, minmay_temple_entry_tees, minmay_lizard_king
D:5:      kennysheep_spiral_hall, layout_basic
D:6:      layout_loops_cross, yredelemnul_forgotten_temple_becter, serial_shops,
          nicolae_take_the_stairs, dreamdust_mushroom_princess,
          nicolae_figureground_pulse, uniq_duvessa
D:7:      layout_cave_pods, uniq_maggie, uniq_pikel
D:8:      layout_gridville, david_lair_shrubbed, minmay_misc_feat_ornament,
          minivault_11
D:9:      kennysheep_blocky_room, layout_long_grid,
          minmay_overflow_temple_star_quad, serial_shops, shop,
          hangedman_decor_growths, dreamdust_gnoll_shepherd, uniq_erolcha
Temple:   dpeg_five_rooms_temple
Lair:1:   layout_chaotic_city, serial_bayou_shore_b
Lair:2:   lemuel_ratsnest, layout_regular_city, dummy_spider_entry
Lair:3:   layout_hall_layers, minmay_swamp_entry_worms, serial_bayou_shore_a,
          uniq_nergalle, uniq_snorg
Lair:4:   minmay_lair_venomous_thicket, layout_cave_shapes, nzn_ghost_randoct,
          uniq_josephine

Skill      XL: |  1  2  3  4  5  6  7  8  9 10 11 12 13 |
---------------+----------------------------------------+-----
Ice Magic      | 5 6 |  6.0
Spellcasting   | 3 4 9 10 | 10.0
Fighting       | 10 11 12 | 12.0
Dodging        | 7 |  7.4
Evocations     | 7 |  7.0
Invocations    | 7 8 9 |  9.2
Shields        | 4 8 12 | 12.0
Poison Magic   | 4 6 |  6.0
Armour         | 2 5 |  5.6
Stealth        | |  1.7

Action                   |  1- 3 |  4- 6 |  7- 9 | 10-12 | 13-15 || total
-------------------------+-------+-------+-------+-------+-------++-------
Melee: Unarmed           |    13 |     6 |       |       |       ||    19
       Punch             |       |     1 |       |       |       ||     1
       Falchion          |       |     4 |    37 |       |       ||    41
       Short sword       |       |       |    25 |   102 |       ||   127
       Mace              |       |       |       |    58 |    34 ||    92
 Cast: Freeze            |    48 |    28 |    74 |   142 |    66 ||   358
       Frozen Ramparts   |     1 |    10 |    10 |    44 |    10 ||    75
       Ozocubu's Armour  |       |     1 |     7 |    29 |     5 ||    42
       Olgreb's Toxic Ra |       |       |       |    15 |     7 ||    22
 Abil: Hop               |     1 |       |       |     3 |     2 ||     6
Evoke: Wand              |       |       |       |     4 |    14 ||    18
  Use: Potion            |       |     3 |     1 |       |       ||     4
       Scroll            |       |       |       |    11 |       ||    11
 Stab: Sleeping          |     1 |     1 |       |       |       ||     2
       Distracted        |       |       |     1 |     1 |       ||     2
Armor: Robe              |     7 |     5 |    24 |     4 |       ||    40
       Steam dragon scal |       |       |       |    14 |       ||    14
       Troll leather arm |       |       |       |   109 |    24 ||   133
Dodge: Dodged            |    31 |    40 |   125 |   241 |    49 ||   486
Block: Kite shield       |       |       |       |   223 |    72 ||   295

Table legend: (Time is in decaauts)
 A = Elapsed time spent in this place.
 B = Non-inter-level travel time spent in this place.
 C = Inter-level travel time spent in this place.
 D = Time resting spent in this place.
 E = Time spent auto-exploring this place.
 F = Levels seen in this place.
 G = Mean time per level.
                   A        B        C        D        E       F      G
               +--------+--------+--------+--------+--------+-----+--------+
         Total |  14797 |  14044 |    753 |    371 |  11040 |  14 | 1056.9 |
       Dungeon |   9124 |   8584 |    540 |      0 |   7272 |   9 | 1013.8 |
        Temple |    392 |    287 |    105 |      0 |    269 |   1 |  392.0 |
          Lair |   5280 |   5173 |    107 |    371 |   3499 |   4 | 1320.0 |
               +--------+--------+--------+--------+--------+-----+--------+

Top non-repeatable levels by time:
  Lair:2: 1935 daAuts
  Lair:1: 1470 daAuts
     D:1: 1452 daAuts
  Lair:3: 1398 daAuts
     D:2: 1335 daAuts
     D:6: 1106 daAuts
     D:7: 1091 daAuts
     D:4: 1077 daAuts
     D:8: 997 daAuts
     D:5: 985 daAuts
     D:3: 971 daAuts
  Lair:4: 476 daAuts
  Temple: 392 daAuts
     D:9: 106 daAuts
